 Dungeon Crawl Stone Soup version 0.31.0-11-ge490571c62 (webtiles) character file.

Game seed: 15906939936798908740

542 Ashen the Sneak (level 7, -2/51 HPs)
             Began as a Gnoll Enchanter on Feb 7, 2024.
             Killed from afar by Dowan (12 damage)
             ... with a stone arrow
             ... on level 4 of the Dungeon.
             The game lasted 00:09:20 (4124 turns).

Ashen the Sneak (Gnoll Enchanter)                   Turns: 4124, Time: 00:09:21

Health: -2/51      AC:  3    Str:  8    XL:     7   Next: 27%
Magic:  7/15       EV: 13    Int: 14    God:
Gold:   224        SH:  4    Dex: 14    Spells: 6/17 levels left

rFire   . . .        d - +0 dagger (vamp)
rCold   . . .        c - +0 buckler
rNeg    . . .        b - +0 robe
rPois   .            (no helmet)
rElec   .            (no cloak)
rCorr   .            m - +0 pair of gloves
SInv    .            (no boots)
Will    .....        (no amulet)
Stlth   ++           (no ring)
HPRegen 0.28/turn    (no ring)
MPRegen 0.14/turn

%: no passive effects
@: lit by a corona, glowing
A: fangs 1, strong nose, distributed training
a: no special abilities


You were on level 4 of the Dungeon.
You visited 1 branch of the dungeon, and saw 4 of its levels.

You collected 224 gold pieces.

Inventory:

Hand Weapons
 a - a +1 dagger
 d - a +0 vampiric dagger (weapon)
Armour
 b - a +0 robe (worn)
 c - a +0 buckler (worn)
 m - a +0 pair of gloves (worn)
Scrolls
 e - a scroll of enchant armour {unknown}
 f - 3 scrolls of teleportation {unknown}
 j - 4 scrolls of identify {unknown}
 k - 2 scrolls of immolation {unknown}
 o - a scroll of torment {unknown}
 p - 2 scrolls of fog {unknown}
 q - a scroll of poison {unknown}
Potions
 g - a potion of lignification
 h - a potion of enlightenment {unknown}
 i - 2 potions of might {unknown}
 l - a potion of mutation {unknown}
 n - a potion of attraction {unknown}
 r - a potion of berserk rage {unknown}


   Skills:
 + Level 2.5 Fighting
 + Level 3.6 Short Blades
 + Level 2.5 Long Blades
 + Level 2.5 Axes
 + Level 2.5 Maces & Flails
 + Level 2.5 Polearms
 + Level 2.5 Staves
 + Level 2.5 Ranged Weapons
 + Level 2.5 Throwing
 + Level 2.5 Armour
 + Level 5.2 Dodging
 + Level 6.5 Stealth
 + Level 2.5 Shields
 + Level 2.5 Unarmed Combat
 + Level 5.6 Spellcasting
 + Level 2.0 Conjurations
 + Level 5.8 Hexes
 + Level 2.0 Summonings
 + Level 2.0 Necromancy
 + Level 2.0 Translocations
 + Level 2.0 Fire Magic
 + Level 2.0 Ice Magic
 + Level 2.0 Air Magic
 + Level 2.0 Earth Magic
 + Level 2.0 Alchemy
 + Level 2.7 Invocations
 + Level 2.5 Evocations
 + Level 2.2 Shapeshifting


You had 6 spell levels left.
You knew the following spells:

 Your Spells              Type           Power      Damage    Failure   Level
a - Ensorcelled Hibernat  Hex/Ice        30%        N/A       8%          2
b - Confusing Touch       Hex            20%        N/A       7%          3
c - Tukima's Dance        Hex            20%        N/A       7%          3
d - Dazzling Flash        Conj/Hex       30%        N/A       16%         3

Your spell library contained the following spells:

 Spells                   Type           Power      Damage    Failure   Level
 Inner Flame              Hex/Fire       15%        N/A       16%         3
 Volatile Blastmotes      Fire/Tloc      18%        2d11      32%         3
 Irradiate                Conj/Alch      4%         3d13      97%         5
 Starburst                Conj/Fire      4%         6d4       100%        6
 Ignition                 Fire           4%         3d4       100%        8
 Maxwell's Capacitive Co  Air            4%         ∞         100%        8


Dungeon Overview and Level Annotations

Branches:
Dungeon (4/15)
 Temple: D:4-7

Altars:
Fedhas
Makhleb
Ru
Vehumet
Wu Jian
Yredelemnul

Shops:
D:2 (

Annotations:
D:3 3 runed translucent doors, 7tar4e's ghost, amateur VSFi; Yehuk's ghost, amateur GrMo
D:4 Dowan


Innate Abilities, Weirdness & Mutations

You have very sharp teeth.
Your uncanny sense of smell can sniff out nearby items.
Your experience applies equally to all skills.


Message History

You hit Duvessa but do no damage. You bite Duvessa, but do no damage.
Duvessa is almost dead.
You completely miss Duvessa.
Duvessa is almost dead.
Duvessa completely misses you.
You hit Duvessa.
Duvessa is almost dead.
You block Duvessa's attack.
Dowan gestures wildly while chanting.
Dowan blinks!
You hit Duvessa but do no damage.
Duvessa is almost dead.
Duvessa barely misses you.
You hit Duvessa but do no damage. You bite Duvessa, but do no damage.
Duvessa is almost dead.
Duvessa hits you with a +0 short sword!
You hit Duvessa but do no damage.
Duvessa is almost dead.
Duvessa hits you with a +0 short sword! Dowan gestures at you while chanting.
You are outlined in light.
Unknown command.
Casting: Ensorcelled Hibernation (safe; 8% risk of failure)
Confirm with . or Enter, or press ? or * to list all spells.
Your hands begin to glow red.
Duvessa hits you with a +0 short sword!
You hit Duvessa but do no damage.
Duvessa appears confused.
Duvessa is almost dead.
Duvessa hits the scorpion with a +0 short sword!
Dowan hits you with a +1 dagger of protection.
You barely miss Duvessa.
Duvessa is almost dead.
Duvessa hits you with a +0 short sword!
* * * LOW HITPOINT WARNING * * *
Duvessa hits herself with a +0 short sword.
Duvessa is killed!
Dowan screams, "No!
No!"
Dowan seems to find hidden reserves of power!
Dowan points at you and mumbles some strange words.
The stone arrow hits you!
You die...

#### #.#.#.#.#.#.
.... #.#.#.......
#### #...#?#e#.#.
# ## #.###.....s.
######...###.#
##.###.
.......#.....####
.e
#>####.(.###....#
.# #.#######
#....##.#
........#
#...e@)s#
#<#####.#
#.#.##### #.#
#.#.# #.# #.#.#
#.# #.#.# #.#
#.#.# ... #.# #..
.. #.#


You could see Dowan (fast) and a scorpion.

Vanquished Creatures
  Sigmund (D:3)
  Duvessa (D:4)
  A phantom (D:4)
  2 sleepcaps (D:4)
  Terence (D:3)
  2 iguanas (D:4)
  2 orc wizards
  5 adders
  A dart slug (D:4)
  4 orcs (D:4)
  4 ball pythons
  7 endoplasms
  3 giant cockroaches
  13 goblins
  8 hobgoblins
  3 jackals (D:1)
  6 kobolds
  2 quokkas
  6 bats
  3 frilled lizards
  4 rats
79 creatures vanquished.

Notes
Turn   | Place    | Note
-------+----------+-------------------------------------------
     0 | D:1      | Ashen the Gnoll Enchanter began the quest for the Orb.
     0 | D:1      | Reached XP level 1. HP: 13/13 MP: 6/6
   128 | D:1      | Reached XP level 2. HP: 5/19 MP: 7/7
   132 | D:1      | Learned a level 2 spell: Ensorcelled Hibernation
   329 | D:1      | Found a faded altar of an unknown god.
  1206 | D:2      | Found Omiwkyx's Antique Weapon Shop.
  1260 | D:2      | Reached skill level 5 in Spellcasting
  1260 | D:2      | Reached XP level 3. HP: 25/25 MP: 5/9
  1493 | D:2      | Reached skill level 6 in Stealth
  1493 | D:2      | Reached skill level 1 in Invocations
  1533 | D:2      | Identified the +0 ring mail of Cheibriados's Esteem {rElec
                  | rC- Regen+}
  1589 | D:2      | Reached skill level 1 in Fighting
  1589 | D:2      | Reached skill level 1 in Long Blades
  1589 | D:2      | Reached skill level 1 in Axes
  1589 | D:2      | Reached skill level 1 in Maces & Flails
  1589 | D:2      | Reached skill level 1 in Polearms
  1589 | D:2      | Reached skill level 1 in Staves
  1589 | D:2      | Reached skill level 1 in Ranged Weapons
  1589 | D:2      | Reached skill level 1 in Throwing
  1589 | D:2      | Reached skill level 1 in Armour
  1589 | D:2      | Reached skill level 1 in Shields
  1589 | D:2      | Reached skill level 1 in Unarmed Combat
  1589 | D:2      | Reached skill level 1 in Evocations
  1784 | D:3      | Reached skill level 1 in Shapeshifting
  1784 | D:3      | Reached XP level 4. HP: 27/32 MP: 1/11
  1920 | D:3      | Noticed Terence
  1929 | D:3      | Killed Terence
  1930 | D:3      | Reached skill level 1 in Conjurations
  1930 | D:3      | Reached skill level 1 in Summonings
  1930 | D:3      | Reached skill level 1 in Necromancy
  1930 | D:3      | Reached skill level 1 in Translocations
  1930 | D:3      | Reached skill level 1 in Fire Magic
  1930 | D:3      | Reached skill level 1 in Ice Magic
  1930 | D:3      | Reached skill level 1 in Air Magic
  1930 | D:3      | Reached skill level 1 in Earth Magic
  1930 | D:3      | Reached skill level 1 in Alchemy
  1995 | D:3      | Found a basalt altar of Yredelemnul.
  1997 | D:3      | Noticed Sigmund
  2071 | D:3      | Found a radiant altar of Vehumet.
  2397 | D:3      | Found a burning altar of Makhleb.
  2397 | D:3      | Found a blossoming altar of Fedhas.
  2549 | D:3      | Reached XP level 5. HP: 36/37 MP: 9/12
  2590 | D:3      | Killed Sigmund
  2591 | D:3      | Reached skill level 5 in Dodging
  2591 | D:3      | Reached XP level 6. HP: 44/44 MP: 11/14
  2855 | D:3      | Found a runed translucent gate.
  2855 | D:3      | Found a runed translucent gate.
  2855 | D:3      | Found a runed translucent gate.
  2856 | D:3      | Noticed 7tar4e's ghost (amateur VSFi)
  2856 | D:3      | Noticed Yehuk's ghost (amateur GrMo)
  3358 | D:4      | Found an ornate altar of the Wu Jian Council.
  3358 | D:4      | Found a sacrificial altar of Ru.
  3742 | D:4      | Reached XP level 7. HP: 44/51 MP: 15/15
  3782 | D:4      | Learned a level 3 spell: Confusing Touch
  3786 | D:4      | Learned a level 3 spell: Tukima's Dance
  3790 | D:4      | Learned a level 3 spell: Dazzling Flash
  4093 | D:4      | Noticed Dowan
  4096 | D:4      | Noticed Duvessa
  4124 | D:4      | Killed Duvessa
  4124 | D:4      | Killed from afar by Dowan

Illustrated notes

Levels and vault maps discovered:
D:1:      minmay_arrival_checkered_box, layout_loops_ring,
          hellmonk_ecumenical_altar_lost_god
D:2:      layout_loops_corners, serial_shops, nicolae_diamond_shop
D:3:      cheibrodos_greedy_goblins, layout_basic,
          gammafunk_temple_overflow_elements, mainiacjoe_overflow_cross_hatched,
          yredelemnul_altar_generic, gammafunk_ghost_cemetery,
          grunt_decor_junction, uniq_terence, uniq_sigmund
D:4:      layout_loops_ring, nicolae_overflow_two_pavilions, serial_glass,
          glass_columns_a, glass_columns_b, glass_columns_b, glass_columns_b,
          item_on_display_a, uniq_duvessa

Skill      XL: |  1  2  3  4  5  6  7 |
---------------+----------------------+-----
Spellcasting   | 5 |  5.6
Stealth        | 6 |  6.5
Invocations    | 1 2 |  2.7
Fighting       | 1 2 |  2.5
Long Blades    | 1 2 |  2.5
Axes           | 1 2 |  2.5
Maces & Flails | 1 2 |  2.5
Polearms       | 1 2 |  2.5
Staves         | 1 2 |  2.5
Ranged Weapons | 1 2 |  2.5
Throwing       | 1 2 |  2.5
Armour         | 1 2 |  2.5
Shields        | 1 2 |  2.5
Unarmed Combat | 1 2 |  2.5
Evocations     | 1 2 |  2.5
Shapeshifting  | 1 2 |  2.2
Conjurations   | 1 2 |  2.0
Summonings     | 1 2 |  2.0
Necromancy     | 1 2 |  2.0
Translocations | 1 2 |  2.0
Fire Magic     | 1 2 |  2.0
Ice Magic      | 1 2 |  2.0
Air Magic      | 1 2 |  2.0
Earth Magic    | 1 2 |  2.0
Alchemy        | 1 2 |  2.0
Short Blades   | 3 |  3.6
Dodging        | 5 |  5.2
Hexes          | |  5.8

Action                     |  1- 3 |  4- 6 |  7- 9 || total
---------------------------+-------+-------+-------++-------
  Melee: Dagger            |    59 |   110 |    32 ||   201
         Bite              |     3 |     7 |     6 ||    16
         Punch             |       |     1 |     2 ||     3
   Cast: Ensorcelled Hiber |    17 |    45 |     6 ||    68
         Confusing Touch   |       |       |     1 ||     1
    Use: Potion            |       |     3 |       ||     3
   Stab: Sleeping          |    24 |    31 |     5 ||    60
         Invisible         |       |     3 |     2 ||     5
 Armour: Robe              |    26 |    70 |    15 ||   111
         Skin              |       |     9 |       ||     9
  Dodge: Dodged            |    39 |    75 |    11 ||   125
  Block: Buckler           |       |       |     1 ||     1
